AoeStats
← thebigmarvinski

Arabia

508716723Analyzed
1v1 RM · 9d ago on Sep 23, 2026· 47m 49s· 2 players
Game mode
Random Map
Map size
Tiny (2 player)
Population
200
Speed
Normal
Resources
Standard
Victory
Conquest
Starting age
Dark Age
Ending age
Imperial Age
RankedLock teamsTeams togetherTeam positionsShared explorationLock speedFull tech treeHidden civsTurbo modeCheats
Victory
Defeat
🇨🇱 Franks · Chile
814
+14
🇬🇧 Burmese · United Kingdom
776
-14
thebigmarvinski
10:59 Feudal Age
9:14 Loom
12:19 Horse Collar
13:00 Man-at-Arms
19:00 Castle Age
18:22 Forging
23:07 Gold Mining
23:07 Stone Mining
34:29 Bloodlines
34:19 Husbandry
37:28 Manipur Cavalry
38:10 Gold Mining
38:45 Scale Barding Armor
39:16 Iron Casting
44:03 Imperial Age
42:36 Wheelbarrow
43:18 Pikeman
44:00 Fletching
44:10 Padded Archer Armor
44:31 Chain Barding Armor
44:41 Ballistics
44:58 Bodkin Arrow
45:07 Padded Archer Armor
46:08 Blast Furnace
45:47 Cavalier
Sir Paul
7:03 Loom
9:54 Feudal Age
10:50 Double-Bit Axe
21:06 Castle Age
23:05 Bow Saw
23:55 Stone Mining
23:59 Gold Mining
24:46 Pikeman
27:39 Wheelbarrow
29:23 Forging
29:14 Scale Mail Armor
30:11 Town Watch
31:48 Hand Cart
31:34 Town Patrol
32:19 Squires
32:38 Chain Mail Armor
33:53 Scale Barding Armor
36:20 Iron Casting
37:17 Gambesons
37:18 Arson
43:02 Imperial Age
42:12 Chain Barding Armor
43:52 Gold Shaft Mining
43:24 Halberdier
44:51 Plate Mail Armor
46:26 Blast Furnace
Connection lost

Rejoining the realm…

Still unreachable

The connection could not be restored.

Session expired

The server has moved on; the page needs a fresh start.